AoeStats
← RustyShackleford

Arabia

508136525Analyzed
1v1 RM · 12d ago on Sep 21, 2026· 36m 24s· 2 players
Game mode
Random Map
Map size
Tiny (2 player)
Population
200
Speed
Normal
Resources
Standard
Victory
Conquest
Starting age
Dark Age
Ending age
Imperial Age
RankedLock teamsTeams togetherTeam positionsShared explorationLock speedFull tech treeHidden civsTurbo modeCheats
Victory
Defeat
🇺🇸 Mongols · United States
762
+18
🇨🇴 Chinese · Colombia
810
-18
RustyShackleford
10:45 Feudal Age
9:01 Loom
13:24 Horse Collar
18:18 Bloodlines
17:59 Double-Bit Axe
19:16 Forging
23:07 Castle Age
22:12 Wheelbarrow
22:26 Scale Barding Armor
23:14 Fletching
23:58 Heavy Plow
27:08 Chain Barding Armor
29:13 Hand Cart
31:18 Iron Casting
31:42 Gold Mining
36:20 Gold Shaft Mining
36:57 Thumb Ring
36:15 Crossbowman
libardo9511
7:27 Loom
10:05 Feudal Age
10:39 Double-Bit Axe
11:09 Town Watch
17:26 Forging
17:30 Bloodlines
17:37 Horse Collar
25:24 Castle Age
23:43 Gold Mining
24:27 Scale Mail Armor
25:07 Stone Mining
26:32 Bow Saw
26:26 Crossbowman
27:13 Thumb Ring
26:38 Pikeman
27:19 Squires
29:31 Gold Shaft Mining
30:43 Fletching
33:21 Chain Mail Armor
34:43 Bodkin Arrow
Connection lost

Rejoining the realm…

Still unreachable

The connection could not be restored.

Session expired

The server has moved on; the page needs a fresh start.